 Dungeon Crawl Stone Soup version 0.30.1-11-g7821555f0a (webtiles) character file.

Game seed: 10581071469160429323

5738 monsoonserge the Basher (level 10, 0/77 HPs)
             Began as a Demonspawn Warper on Dec 10, 2023.
             Was an Initiate of Gozag.
             Slain by a sixfirhy (10 damage)
             ... summoned by an orc high priest
             ... in a bailey on Dec 11, 2023.
             The game lasted 00:26:31 (7670 turns).

monsoonserge the Basher (Demonspawn Warper)         Turns: 7670, Time: 00:26:35

Health: 0/77       AC: 10    Str: 15    XL:     10   Next: 49%
Magic:  22/22      EV: 12    Int: 16    God:    Gozag
Gold:   410        SH:  4    Dex: 12    Spells: 11/13 levels left

rFire   . . .        w - +9 flail of Fixation {flame, rPois rN+ Will+ rCorr}
rCold   . . .        h - +0 buckler
rNeg    + . .        L - +1 ring mail {Will+}
rPois   +            (no helmet)
rElec   .            (cloak unavailable)
rCorr   +            (no gloves)
SInv    .            (no boots)
Will    +++..        (no amulet)
Stlth   ++           K - ring of willpower
HPRegen 0.32/turn    M - ring of magical power
MPRegen 0.18/turn

%: no passive effects
@: no status effects
A: thin metallic scales 2, weakness stinger 3
a: Renounce Religion, Potion Petition, Call Merchant, Bribe Branch


You were in a bailey.
You worshipped Gozag.
Gozag was aware of your devotion.
You visited 2 branches of the dungeon, and saw 9 of its levels.
You also visited: Sewer and Bailey.

You collected 739 gold pieces.
You spent 209 gold pieces at shops.
You paid 120 gold pieces to Gozag.

Inventory:

Hand Weapons
 w - the +9 flail of Fixation (weapon) {flame, rPois rN+ Will+ rCorr}
   (You found it on level 4 of the Dungeon)

   rPois:     It protects you from poison.
   rN:        It protects you from negative energy.
   rCorr:     It protects you from acid and corrosion.
   Will:      It increases your willpower.
 E - the +2 long sword "Raecih" {protect, *Slow Int+8 Stlth+}
   (You found it in a sewer)

   Int:       It affects your intelligence (+8).
   *Slow:     It may slow you when you take damage.
   Stlth:     It makes you more stealthy.
Missiles
 d - 9 atropa-tipped darts
 n - 9 boomerangs
 s - 17 poisoned darts (quivered)
 x - 9 boomerangs of dispersal
Armour
 h - a +0 buckler (worn)
 y - the +1 robe of Tempters {rF++ Dex+4}
   (You found it on level 4 of the Dungeon)

   Dex:       It affects your dexterity (+4).
   rF:        It greatly protects you from fire.
 H - +0 acid dragon scales
 L - a +1 ring mail of willpower (worn)
Jewellery
 A - a ring of ice
 K - a ring of willpower (left hand)
 M - a ring of magical power (right hand)
Wands
 B - a wand of roots (14)
 G - a wand of polymorph (6)
Scrolls
 a - a scroll of brand weapon {unknown}
 b - a scroll of summoning {unknown}
 c - 2 scrolls of blinking
 g - a scroll of noise {unknown}
 k - a scroll of fear {unknown}
 m - 5 scrolls of identify {unknown}
 o - 2 scrolls of poison {unknown}
 q - a scroll of enchant armour {unknown}
 r - 5 scrolls of teleportation {unknown}
 u - 4 scrolls of immolation {unknown}
 C - 2 scrolls of amnesia {unknown}
 J - a scroll of magic mapping {unknown}
Potions
 e - 2 potions of mutation {unknown}
 f - 7 potions of haste
 i - 2 potions of degeneration
 j - a potion of ambrosia {unknown}
 l - 7 potions of brilliance {unknown}
 p - a potion of berserk rage {unknown}
 t - 8 potions of heal wounds {unknown}
 v - 3 potions of cancellation
 z - 3 potions of curing
 D - 2 potions of might
 F - 2 potions of lignification
 I - a potion of flight {unknown}


   Skills:
 + Level 6.3 Fighting
 + Level 9.2 Maces & Flails
 - Level 2.3 Polearms
 + Level 1.8 Throwing
 * Level 4.8 Armour
 + Level 5.0 Dodging
 + Level 4.4 Stealth
 * Level 2.8 Shields
 - Level 2.0 Spellcasting
 + Level 4.1 Translocations
 + Level 1.0 Evocations


You had 11 spell levels left.
You knew the following spells:

 Your Spells              Type           Power      Damage    Failure   Level
a - Blink                 Tloc           30%        N/A       14%         2

Your spell library contained the following spells:

 Spells                   Type           Power      Damage    Failure   Level
 Lesser Beckoning         Tloc           30%        N/A       14%         2
 Teleport Other           Tloc           15%        N/A       26%         3
 Vhi's Electric Charge    Tloc/Air       16%        N/A       54%         3
 Manifold Assault         Tloc           15%        N/A       65%         4
 Summon Forest            Summ/Tloc      4%         N/A       99%         5
 Summon Mana Viper        Hex/Summ       1%         N/A       100%        5
 Summon Cactus Giant      Summ           0%         N/A       100%        6


Dungeon Overview and Level Annotations

Branches:
Dungeon (8/15)             Temple (1/1) D:7           Sewer (visited)
 Bailey (1/1)
   Lair: D:8-11

Altars:
Ashenzari
Cheibriados
Dithmenos
Fedhas
Gozag
Kikubaaqudgha
Makhleb
Nemelex Xobeh
Okawaru
Ru
Sif Muna
Trog
Uskayaw
Vehumet
Wu Jian
Xom
Yredelemnul

Shops:
D:8 !


Innate Abilities, Weirdness & Mutations

You are mostly covered in thin metallic scales. (AC +3)
You have a sharp stinger which inflicts weakening toxins.


Message History

Found 21 gold pieces.
There is an open door here.
You now have enough gold to petition Gozag for potion effects.
You now have 410 gold pieces (gained 21).
There is an open door here.
Found a gate leading back out of this place.
An orc high priest comes into view. It is wielding a +0 war axe.
Found a robe and a ring mail.
The orc high priest shouts!
You hear a shout!
Throw: 18 darts (poison)
Press: ? - help, Q - select action, (/) - cycle Shift-Dir - straight line, f - orc high priest
Aim: an orc high priest, wielding a +0 war axe and wearing a +0 ring mail (57% to hit)
You throw a poisoned dart.
The poisoned dart hits the orc high priest.
The orc high priest is poisoned.
Press: ? - help, v - describe, . - travel, g - get item Item here: a poisoned dart.
The floor.
Found a pair of embroidered boots and a robe.
The orc high priest mumbles some strange prayers to Beogh.
The orc high priest calls down the wrath of Beogh upon you.
Beogh smites you!
An orc warrior comes into view. It is wielding a +0 war axe. x2
You closely miss the orc high priest.
The orc high priest hits you with a +0 war axe.
You sock the orc high priest! You burn the orc high priest.
Your tail-slap misses the orc high priest.
The orc high priest is moderately wounded.
The sixfirhy barely misses you. The sixfirhy hits you! The sixfirhy shocks you!
The sixfirhy splashes around in the water.
The orc high priest barely misses you. The sixfirhy closely misses you.
You thump the orc high priest! You burn the orc high priest.
The orc high priest is heavily wounded.
The sixfirhy hits you. The sixfirhy shocks you!
* * * LOW HITPOINT WARNING * * *
The sixfirhy closely misses you. The sixfirhy hits you.
* * * LOW HITPOINT WARNING * * *
The sixfirhy shocks you!
You die...
Your body crumbles into a pile of gold.

################
≈≈≈≈≈≈≈≈≈≈≈≈≈≈≈≈
≈≈≈≈≈≈≈≈≈≈≈≈≈≈≈≈
≈≈≈≈≈≈≈≈≈≈≈≈≈≈≈≈
≈≈≈≈≈≈≈≈≈≈≈≈≈≈≈
≈≈≈≈≈≈≈≈≈≈≈≈≈
~~~~~~o3~~######
..o.∩(o@.....'.#
####.######..###
#.[[#....#
#.[[#..).# #+##
###+##'#+# #..#
#..# #..# #..#
#..# #..# #..#
#..#


You could see an orc high priest (poisoned), a sixfirhy (summoned) and 2 orc
warriors.

Vanquished Creatures
  Erica (D:8)
  An orc knight (Bailey)
  Joseph (D:8)
  Maggie (D:7)
  The ghost of lembark the Magician, a novice DECj of Vehumet (D:5)
  A hornet (D:6)
  4 yaks (D:8)
  2 humans (D:7)
  Menkaure (D:5)
  3 water moccasins
  6 orc warriors (Bailey)
  A black bear (D:6)
  A centaur (D:6)
  An ogre (D:6)
  A kobold brigand (D:5)
  3 bullfrogs
  Blork the orc (D:4)
  A scorpion (D:5)
  A killer bee (D:8)
  2 howler monkeys (D:6)
  An electric eel (Bailey)
  Crazy Yiuf (D:3)
  A gnoll bouda (D:8)
  4 hounds
  8 jellies
  Jessica (D:3)
  An iguana (D:5)
  Terence (D:2)
  A sleepcap (D:6)
  9 orc wizards
  5 gnolls (D:8)
  9 adders
  A shadow imp (D:3)
  2 white imps
  An ufetubus (D:6)
  3 worms
  2 dart slugs
  14 orcs
  2 ball pythons
  3 bats
  16 endoplasms
  9 giant cockroaches
  10 goblins
  11 hobgoblins
  4 jackals (D:1)
  13 kobolds
  3 quokkas
  6 frilled lizards
  4 rats
180 creatures vanquished.

Notes
Turn   | Place    | Note
-------+----------+-------------------------------------------
     0 | D:1      | monsoonserge the Demonspawn Warper began the quest for the
                  | Orb.
     0 | D:1      | Reached XP level 1. HP: 16/16 MP: 3/3
   188 | D:1      | Reached skill level 1 in Armour
   230 | D:1      | Gained mutation: You have a small tail. [demonic ancestry]
   230 | D:1      | Reached XP level 2. HP: 13/22 MP: 5/5
   325 | D:1      | Reached skill level 2 in Maces & Flails
   795 | D:1      | Learned a level 2 spell: Blink
   901 | D:2      | Gained mutation: You are partially covered in thin metallic
                  | scales. (AC +2) [demonic ancestry]
   901 | D:2      | Reached XP level 3. HP: 27/27 MP: 6/6
   933 | D:2      | Noticed Terence
   945 | D:2      | Killed Terence
   946 | D:2      | Reached skill level 1 in Polearms
  1088 | D:2      | Gained mutation: You are mostly covered in thin metallic
                  | scales. (AC +3) [demonic ancestry]
  1088 | D:2      | Reached XP level 4. HP: 26/33 MP: 7/7
  1141 | D:2      | Found a sparkling altar of Nemelex Xobeh.
  1555 | D:3      | Identified the +4 rapier of the Eel {holy, rN++ MP+9 Int+3
                  | Dex-5}
  1819 | D:3      | Noticed Jessica
  1823 | D:3      | Killed Jessica
  1824 | D:3      | Reached XP level 5. HP: 38/38 MP: 8/8
  1981 | D:3      | Found a runed translucent door.
  1982 | D:3      | Noticed Crazy Yiuf
  2112 | D:4      | Identified the +9 flail of Fixation {flame, rPois rN+ Will+
                  | rCorr}
  2161 | D:4      | Noticed a +0 short sword
  2162 | D:4      | Noticed a +0 spear
  2162 | D:4      | Noticed a +0 dagger
  2162 | D:4      | Noticed a +0 spear
  2162 | D:4      | Noticed a +0 falchion
  2163 | D:4      | Noticed a +0 dagger
  2164 | D:4      | Noticed a +0 short sword
  2167 | D:4      | Noticed a +0 falchion
  2171 | D:4      | Found a hide-covered altar of Uskayaw.
  2202 | D:4      | Identified the +1 robe of Tempters {rF++ Dex+4}
  2402 | D:4      | Found an ancient bone altar of Kikubaaqudgha.
  2409 | D:4      | Noticed Blork the orc
  2416 | D:4      | Killed Blork the orc
  2421 | D:4      | Found a shimmering altar of Xom.
  2466 | D:5      | Entered Level 5 of the Dungeon
  2561 | D:5      | Noticed Menkaure
  2565 | D:5      | Reached skill level 1 in Shields
  2567 | D:5      | Reached skill level 1 in Stealth
  2571 | D:5      | Killed Menkaure
  2572 | D:5      | Reached skill level 3 in Maces & Flails
  2572 | D:5      | Gained mutation: You have a tail ending in a sharp stinger.
                  | [demonic ancestry]
  2572 | D:5      | Reached XP level 6. HP: 16/47 MP: 9/9
  2802 | D:5      | Noticed a water moccasin
  2809 | D:5      | Killed a water moccasin
  2810 | D:5      | Reached XP level 7. HP: 41/52 MP: 10/10
  3198 | D:5      | Found a runed translucent gate.
  3199 | D:5      | Found a runed translucent gate.
  3200 | D:5      | Found a runed translucent gate.
  3200 | D:5      | Noticed lembark's ghost (novice DECj)
  3227 | D:5      | Found an ornate altar of the Wu Jian Council.
  3449 | D:6      | Reached skill level 4 in Maces & Flails
  3449 | D:6      | Reached skill level 1 in Evocations
  3462 | D:6      | Found a glowing drain.
  3511 | Sewer    | Entered a sewer
  3651 | Sewer    | Found a viscous altar of Jiyva.
  3692 | Sewer    | Reached skill level 5 in Maces & Flails
  3697 | Sewer    | Identified the +2 long sword "Raecih" {protect, *Slow Int+8
                  | Stlth+}
  3991 | D:6      | Gained mutation: You have a sharp stinger which inflicts
                  | weakening toxins. [demonic ancestry]
  3991 | D:6      | Reached XP level 8. HP: 60/60 MP: 11/11
  4096 | D:6      | Found an opulent altar of Gozag.
  4180 | D:6      | Noticed a hornet
  4215 | D:6      | Reached skill level 6 in Maces & Flails
  4247 | D:6      | Found a blossoming altar of Fedhas.
  4430 | D:6      | Killed a hornet
  4836 | D:6      | Found a shimmering blue altar of Sif Muna.
  5188 | D:7      | Found a staircase to the Ecumenical Temple.
  5199 | Temple   | Entered the Ecumenical Temple
  5445 | D:7      | Found an iron altar of Okawaru.
  5455 | D:7      | Reached skill level 7 in Maces & Flails
  5463 | D:7      | Reached XP level 9. HP: 37/67 MP: 12/12
  5894 | D:7      | Found a broken altar of Ashenzari.
  6046 | D:7      | Noticed Maggie
  6061 | D:7      | Killed Maggie
  6062 | D:7      | Reached skill level 5 in Fighting
  6455 | D:6      | Became a worshipper of Gozag Ym Sagoz the Greedy
  6546 | D:3      | Killed Crazy Yiuf
  6644 | D:5      | Reached skill level 1 in Throwing
  6648 | D:5      | Killed lembark's ghost
  6822 | D:8      | Reached skill level 8 in Maces & Flails
  7108 | D:8      | Found Sony's Distillery.
  7116 | D:8      | Noticed Erica
  7118 | D:8      | Bought a potion of degeneration for 11 gold pieces
  7118 | D:8      | Bought a potion of lignification for 33 gold pieces
  7118 | D:8      | Bought a potion of curing for 33 gold pieces
  7118 | D:8      | Bought a potion of might for 44 gold pieces
  7118 | D:8      | Bought a potion of cancellation for 88 gold pieces
  7124 | D:8      | Killed Erica
  7125 | D:8      | Reached XP level 10. HP: 54/76 MP: 13/13
  7139 | D:8      | Found a flagged portal.
  7142 | D:8      | Noticed Joseph
  7155 | D:8      | Killed Joseph
  7160 | Bailey   | Entered a bailey
  7332 | Bailey   | Noticed an orc knight
  7349 | Bailey   | Killed an orc knight
  7350 | Bailey   | Reached skill level 9 in Maces & Flails
  7350 | Bailey   | Reached skill level 5 in Dodging
  7663 | Bailey   | Noticed an orc high priest
  7667 | Bailey   | Noticed a sixfirhy
  7670 | Bailey   | Slain by a sixfirhy

Illustrated notes

Levels and vault maps discovered:
D:1:      sevenhm_arrival_forest_fort_small_6, layout_basic,
          supply_closet_lemuel, chequers_arboretum
D:2:      layout_basic, basic_altar, uniq_terence
D:3:      layout_rooms, palyth_stone_intersect, uniq_crazy_yiuf_cottage,
          uniq_jessica
D:4:      layout_rooms, nicolae_uskayaw_en_pointe, minitemple,
          uniq_blork_the_orc
D:5:      layout_basic, nicolae_wu_jian_immortal_techniques,
          gammafunk_ghost_nasty_kobolds, minmay_misc_feat_square, uniq_menkaure
D:6:      layout_loops_corners, lemuel_blue_sif_altar,
          mainiacjoe_overflow_paths, fedhas_bush_and_centaur_altar,
          cheibrodos_sewer_entry_bend
D:7:      layout_basic, okawaru_humans, mainiacjoe_overflow_cross_hatched,
          minmay_temple_entry_stoned_glass, uniq_maggie
D:8:      layout_basic, enter_bailey_5, serial_shops, nicolae_shop_crystal,
          centaur_isle, uniq_erica, uniq_joseph
Temple:   jpeg_temple_alley_garden
Bailey:   bailey_axe_of_yendor_kennysheep, bailey

Skill      XL: |  1  2  3  4  5  6  7  8  9 10 |
---------------+-------------------------------+-----
Translocations | 3 4 |  4.1
Armour         | 1 2 4 |  4.8
Maces & Flails | 2 3 5 7 8 9 |  9.2
Polearms       | 1 2 |  2.3
Dodging        | 2 3 4 5 |  5.0
Shields        | 1 2 |  2.8
Stealth        | 1 2 4 |  4.4
Fighting       | 3 4 6 |  6.3
Evocations     | 1 |  1.0
Throwing       | 1 |  1.8
Spellcasting   | |  2.0

Action                     |  1- 3 |  4- 6 |  7- 9 | 10-12 || total
---------------------------+-------+-------+-------+-------++-------
  Melee: Mace              |    51 |       |       |       ||    51
         Spear             |    43 |    57 |       |       ||   100
         Tailslap          |     4 |     6 |    31 |     8 ||    49
         Flail             |       |    34 |   236 |    67 ||   337
  Throw: Dart              |       |       |     3 |     1 ||     4
   Stab: Sleeping          |       |       |    12 |       ||    12
         Distracted        |       |       |     1 |       ||     1
 Armour: Leather armour    |    23 |    14 |       |       ||    37
         Robe              |       |     9 |    38 |       ||    47
         Ring mail         |       |       |    22 |    13 ||    35
         Acid dragon scale |       |       |     7 |       ||     7
  Dodge: Dodged            |    54 |    40 |   104 |    40 ||   238
  Block: Buckler           |     9 |     9 |    24 |     8 ||    50
